 Dungeon Crawl Stone Soup version 0.21.0-24-g2553a3340b (webtiles) character file.

170 Krosko the Skirmisher (level 5, 0/37 HPs)
             Began as a Gargoyle Fighter on Jan 20, 2018.
             Slain by Robin
             ... wielding a +4 short sword of speed
              (5 damage)
             ... on level 3 of the Dungeon.
             The game lasted 00:06:39 (1619 turns).

Krosko the Skirmisher (Gargoyle Fighter)            Turns: 1619, Time: 00:06:40

Health: 0/37       AC:  0    Str: 20    XL:     5   Next: 51%
Magic:  5/5        EV: 13    Int:  9    God:
Gold:   70         SH:  0    Dex:  9    Spells: 4/4 levels left

rFire    . . .     SeeInvis .   (weapon currently unavailable)
rCold    . . .     Gourm    .   (shield currently unavailable)
rNeg     + . .     Faith    .   (armour currently unavailable)
rPois    ∞         Spirit   .   (helmet currently unavailable)
rElec    .         Reflect  .   (cloak currently unavailable)
rCorr    .         Harm     .   (gloves currently unavailable)
MR       .....                  (boots currently unavailable)
Stlth    +.........             (no amulet)
HPRegen  0.12/turn              (ring currently unavailable)
MPRegen  0.09/turn              (ring currently unavailable)

@: pig-form, very quick
A: small, negative energy resistance 1, petrification resistance, rot immunity,
AC +4
a: no special abilities


You were on level 3 of the Dungeon.
You were not hungry.
You were a filthy swine.
You visited 1 branch of the dungeon, and saw 3 of its levels.

You collected 70 gold pieces.

Inventory:

Hand Weapons
 a - a +0 flail (melded)
Armour
 b - a +0 scale mail (melded)
 c - a +0 shield (melded)
Scrolls
 e - 2 scrolls of teleportation {unknown}
 k - 2 scrolls of remove curse {unknown}
Potions
 d - a potion of might
 g - a potion of agility
 i - 2 potions of heal wounds {unknown}
 j - a potion of haste {unknown}
Comestibles
 f - 4 rations


   Skills:
 + Level 6.6 Fighting
 - Level 2.0 Maces & Flails
 - Level 3.2 Armour
 - Level 3.2 Shields


You had 4 spell levels left.
You didn't know any spells.

Dungeon Overview and Level Annotations

Branches:
Dungeon (3/15)

Altars:

Annotations:
D:3 Robin


Innate Abilities, Weirdness & Mutations

You are resistant to torment.
((Your stone body is resilient. (AC +4)))
You are immune to poison.
You resist negative energy. (rN+)
((You are resistant to electric shocks. (rElec)))
((You can survive without breathing.))
You are immune to petrification.
You are immune to rotting.


Message History

You sock Robin!
Robin is severely wounded.
Robin zaps a wand.
You resist with some effort.
It is a wand of polymorph (10).
Robin zaps a wand.
You turn into a filthy swine.
Your +0 flail melds into your body.
Your +0 shield melds into your body.
Your +0 scale mail melds into your body.
You closely miss Robin.
Robin is severely wounded.
You barely miss Robin.
Robin is severely wounded.
Robin hits you with a short sword of speed.
Robin hits you but does no damage.
You hit Robin.
Robin is almost dead.
Robin hits you with a short sword of speed!
* * * LOW HITPOINT WARNING * * *
You closely miss Robin.
Robin is almost dead.
Robin hits you with a short sword of speed.
You die...

.# ..# ##
#.# #.. #.#
.... #.#
#.... #.#
#....#####.#
#....)†gh).#
##...#####.#
..... #.#
#### #.# #.#
#.# #.# #.#
#.#


You could see Robin.

Vanquished Creatures
  An ogre (D:2)
  An adder (D:2)
  2 worms (D:2)
  4 dart slugs
  2 leopard geckos (D:1)
  6 bats
  A giant cockroach (D:1)
  16 goblins
  8 hobgoblins
  4 jackals (D:1)
  A quokka (D:2)
  3 frilled lizards
  2 kobolds
  7 rats
58 creatures vanquished.

Notes
Turn   | Place    | Note
-------+----------+-------------------------------------------
     0 | D:1      | Krosko the Gargoyle Fighter began the quest for the Orb.
     0 | D:1      | Reached XP level 1. HP: 14/14 MP: 1/1
    32 | D:1      | Reached XP level 2. HP: 19/20 MP: 2/2
    51 | D:1      | Reached skill level 4 in Fighting
   383 | D:1      | Reached XP level 3. HP: 23/24 MP: 3/3
   760 | D:2      | Reached skill level 5 in Fighting
   905 | D:2      | Noticed an ogre
   908 | D:2      | Reached XP level 4. HP: 31/31 MP: 4/4
   956 | D:2      | Killed an ogre
   956 | D:2      | Reached skill level 6 in Fighting
   956 | D:2      | Reached XP level 5. HP: 11/37 MP: 5/5
  1572 | D:3      | Noticed Robin
  1619 | D:3      | Slain by Robin

Skill      XL: |  1  2  3  4 |
---------------+-------------+-----
Fighting       | 4 5 6 |  6.6
Maces & Flails | |  2.0
Armour         | |  3.2
Shields        | |  3.2

Action                   |  1- 3 |  4- 6 || total
-------------------------+-------+-------++-------
Melee: Flail             |   146 |    71 ||   217
       Unarmed           |       |     4 ||     4
  Eat: Ration            |       |     1 ||     1
Armor: Scale mail        |    86 |    47 ||   133
Dodge: Dodged            |    48 |    33 ||    81
Block: Shield            |    86 |    39 ||   125
